 Dungeon Crawl Stone Soup version 0.31-a0-175-g9f7f995f2b (webtiles) character file.

Game seed: 1363101674798565403

11 Moral the Vexing (level 2, 0/11 HPs)
             Began as a Felid Enchanter on June 17, 2023.
             Slain by a jackal (3 damage)
             ... on level 1 of the Dungeon.
             The game lasted 00:01:48 (302 turns).

Moral the Vexing (Felid Enchanter)                   Turns: 302, Time: 00:01:49

Health: 0/11       AC:  1    Str:  4    XL:     2   Next: 17%
Magic:  6/6        EV: 17    Int: 16    God:
Gold:   28         SH:  0    Dex: 16    Spells: 5/5 levels left
                                        Lives:  0   Deaths: 0

rFire   . .          .
                       - Unarmed
rCold   . . .        (shield unavailable)
rNeg    . . .        (body armour unavailable)
rPois   .            (helmet unavailable)
rElec   .            (cloak unavailable)
rCorr   .            (gloves unavailable)
SInv    +            (boots unavailable)
Will    .....        (no amulet)
Stlth   +++          (no ring)
HPRegen 0.21/turn    (no ring)
MPRegen 0.10/turn

%: no passive effects
@: quick
A: very small, claws 1, fangs 3, see invisible, speed 1, shaggy fur 1, stealthy
paws, no weapons or thrown items, no armour, multi-lived
a: no special abilities


You were on level 1 of the Dungeon.
You visited 1 branch of the dungeon, and saw 1 of its levels.

You collected 28 gold pieces.

Inventory:

Scrolls
 b - a scroll of silence {unknown}
 d - a scroll of noise {unknown}
Potions
 a - 2 potions of invisibility
 c - a potion of heal wounds {unknown}


   Skills:
 + Level 3.0 Dodging
 * Level 4.3 Stealth
 + Level 1.2 Unarmed Combat
 + Level 2.1 Spellcasting
 * Level 4.7 Hexes


You had 5 spell levels left.
You didn't know any spells.
Your spell library contained the following spells:

 Spells                   Type           Power      Damage    Failure   Level
 Confusing Touch          Hex            16%        N/A       9%          3
 Tukima's Dance           Hex            16%        N/A       9%          3
 Ensorcelled Hibernation  Hex/Ice        18%        N/A       12%         2
 Dazzling Flash           Conj/Hex       18%        N/A       24%         3


Dungeon Overview and Level Annotations

Branches:
Dungeon (1/15)

Altars:


Innate Abilities, Weirdness & Mutations

You have sharp claws.
You have razor-sharp teeth.
You have supernaturally acute eyesight. (SInv)
You cover ground quickly. (Speed+)
You are covered in fur. (AC +1)
Your paws help you pounce on unaware monsters.
You are incapable of wielding weapons or throwing items.
You cannot wear armour.
You gain extra lives every three experience levels.


Message History

You kill the jackal!
The jackal bites you. The jackal closely misses you.
Your Dodging skill increases to level 3!
The jackal barely misses you. The jackal attacks as you move away!
The jackal misses you.
A goblin comes into view. It is wielding a +0 dagger.
The jackal closely misses you. The jackal attacks as you move away!
The jackal barely misses you.
The jackal stops to sniff the ground.
The jackal attacks as you move away! The jackal completely misses you.
The jackal attacks as you move away! The jackal completely misses you.
The jackal bites you. The jackal attacks as you move away!
The jackal misses you. The jackal attacks as you move away!
The jackal misses you.
Found 15 gold pieces.
You closely miss the jackal. You claw the jackal.
You kill the jackal!
You scratch the jackal.
The jackal is lightly wounded.
The jackal barely misses you.
You barely miss the jackal.
The jackal is lightly wounded.
The jackal completely misses you. The jackal misses you.
You scratch the jackal but do no damage.
The jackal is lightly wounded.
The jackal closely misses you.
You scratch the jackal. Your claw misses the jackal.
The jackal is moderately wounded.
The jackal closely misses you. The goblin misses you.
You scratch the jackal but do no damage.
The jackal is moderately wounded.
The jackal bites you. The jackal closely misses you.
The goblin hits you with a +0 dagger.
* * * LOW HITPOINT WARNING * * *
The jackal misses you. The jackal closely misses you.
You barely miss the jackal.
The jackal is moderately wounded.
The jackal bites you.
You die...

#### #..##
#######..#♣#♣#♣#
###g..............
#@h..#####..♣#♣.♣.
#.h..# ...........
#.............♣.♣.
#.$..##.........##
#..............>.#
#########.........
####....#. ##.....
#....


You could see 2 jackals and a goblin.

Vanquished Creatures
  A giant cockroach (D:1)
  2 hobgoblins (D:1)
  2 jackals (D:1)
  A ball python (D:1)
  A frilled lizard (D:1)
  2 kobolds (D:1)
  2 rats (D:1)
11 creatures vanquished.

Notes
Turn   | Place    | Note
-------+----------+-------------------------------------------
     0 | D:1      | Moral the Felid Enchanter began the quest for the Orb.
     0 | D:1      | Reached XP level 1. HP: 7/7 MP: 4/4
   222 | D:1      | Reached XP level 2. HP: 6/11 MP: 6/6
   302 | D:1      | Slain by a jackal

Illustrated notes

Levels and vault maps discovered:
D:1:      dpeg_arrival_leaves_temple_mockup, layout_rooms, serial_forest,
          infiniplex_forest_lined_1, infiniplex_forest_straight_4,
          infiniplex_forest_lined_2, infiniplex_forest_corner_2,
          infiniplex_forest_zigzag_1, infiniplex_forest_lined_room_3,
          infiniplex_forest_lined_3_way, infiniplex_forest_lined_room_

Skill      XL: |  1  2 |
---------------+-------+-----
Dodging        | 3 |  3.0
Stealth        | |  4.3
Unarmed Combat | |  1.2
Spellcasting   | |  2.1
Hexes          | |  4.7

Action                     || total
---------------------------++-------
  Melee: Unarmed           ||    43
         Bite              ||     4
         Punch             ||     1
   Stab: Sleeping          ||     2
 Armour: Skin              ||     1
  Dodge: Dodged            ||    48

Table legend: (Time is in decaauts)
 A = Elapsed time spent in this place.
 B = Non-inter-level travel time spent in this place.
 C = Inter-level travel time spent in this place.
 D = Time resting spent in this place.
 E = Time spent auto-exploring this place.
 F = Levels seen in this place.
 G = Mean time per level.
                   A        B        C        D        E       F      G
               +--------+--------+--------+--------+--------+-----+--------+
         Total |    259 |    259 |      0 |     20 |    112 |   1 |  259.0 |
       Dungeon |    259 |    259 |      0 |     20 |    112 |   1 |  259.0 |
               +--------+--------+--------+--------+--------+-----+--------+

Top non-repeatable levels by time:
     D:1: 259 daAuts
